 Dungeon Crawl Stone Soup version 0.25.1-2-g60ff931df9 (webtiles) character file.

Game seed: 3158384876579102126

1562 Qrupt the Cutter (level 9, 0/61 HPs)
             Began as a Halfling Fighter on Oct 28, 2020.
             Was a Follower of Cheibriados.
             Slain by an orc warrior
             ... wielding a +0 mace
              (13 damage)
             ... on level 7 of the Dungeon.
             The game lasted 00:11:06 (8353 turns).

Qrupt the Cutter (Halfling Fighter)                 Turns: 8353, Time: 00:11:06

Health: 0/61       AC:  9    Str: 22    XL:     9   Next: 13%
Magic:  9/9        EV:  9    Int:  8    God:    Cheibriados [*.....]
Gold:   401        SH: 11    Dex: 16    Spells: 8/8 levels left

rFire    . . .     SeeInvis .   a - +0 rapier
rCold    . . .     Gourm    .   c - +0 kite shield
rNeg     . . .     Faith    .   b - +0 scale mail
rPois    .         Spirit   .   l - +0 helmet
rElec    .         Reflect  .   (no cloak)
rCorr    .         Harm     .   (no gloves)
MR       .....                  (no boots)
Stlth    ..........             (no amulet)
HPRegen  0.20/turn              (no ring)
MPRegen  0.11/turn              (no ring)

@: very slow
A: small, mutation resistance 1
a: Bend Time, Renounce Religion


You were on level 7 of the Dungeon.
You worshipped Cheibriados.
Cheibriados was aware of your devotion.
You were very hungry.

You visited 1 branch of the dungeon, and saw 7 of its levels.

You collected 431 gold pieces.
You spent 30 gold pieces at shops.

Inventory:

Hand Weapons
 a - a +0 rapier (weapon)
 k - a +0 hunting sling
 p - a +1 trident of venom
 u - the +0 war axe of Poecvaoq {speed, rC+ Str+3 Dex-4}
   (You found it on level 6 of the Dungeon)

   Attacks with this weapon are significantly faster.
   It affects your strength (+3).
   It affects your dexterity (-4).
   It protects you from cold.
   Cheibriados disapproves of the use of such an item.
Armour
 b - a +0 scale mail (worn)
 c - a +0 kite shield (worn)
 l - a +0 helmet (worn)
Jewellery
 r - an uncursed ring of stealth {unknown}
Scrolls
 d - a scroll of enchant weapon
 e - 8 scrolls of identify
 g - a scroll of teleportation
 h - 2 scrolls of immolation
 i - a scroll of magic mapping
 j - a scroll of blinking
 q - a scroll of fear
Potions
 n - a potion of might
 o - 3 potions of curing
 t - a potion of invisibility {unknown}
Comestibles
 f - 8 rations


   Skills:
 + Level 5.6 Fighting
 + Level 6.8 Short Blades
 + Level 6.8 Armour
 + Level 6.8 Shields


You had 8 spell levels left.
You didn't know any spells.
Your spell library contained the following spells:

 Spells                   Type           Power        Failure   Level  Hunger
 Summon Small Mammal      Summ           #...         98%         1    ##.....
 Call Imp                 Summ           #.......     99%         2    ###....
 Call Canine Familiar     Summ           #.......     100%        3    ####...
 Summon Guardian Golem    Hex/Summ       #.......     100%        3    ####...
 Summon Ice Beast         Ice/Summ       #.......     100%        4    #####..
 Summon Lightning Spire   Summ/Air       #.......     100%        4    #####..


Dungeon Overview and Level Annotations

Branches:
Dungeon (7/15)             Temple (0/1) D:4

Altars:
Ashenzari
Cheibriados
Okawaru
Uskayaw
Yredelemnul

Shops:
D:6 ?


Innate Abilities, Weirdness & Mutations

You are small and have problems with some larger weapons.
You are somewhat resistant to further mutation.


Message History

The orc warrior hits you with a +0 mace.
* * * LOW HITPOINT WARNING * * *
You hit the orc warrior but do no damage.
The orc warrior is heavily wounded.
The orc warrior closely misses you.
You barely miss the orc warrior.
The orc warrior is heavily wounded.
You block the orc warrior's attack.
You barely miss the orc warrior.
The orc warrior is heavily wounded.
The orc warrior completely misses you.
You barely miss the orc warrior.
The orc warrior is heavily wounded.
You hit the orc warrior.
The orc warrior is severely wounded.
You block the orc warrior's attack.
You closely miss the orc warrior.
The orc warrior is severely wounded.
The orc warrior hits you with a +0 mace!
You die...

.#.#.. ..# ......
.... ###......
....## ##........
......###..)......
........(.........
.......#...###...#
#....#..## #
#.o@..# ##)..##
.....# #......
#..####. ... ..
.... .. ..... ...


You could see an orc warrior.

Vanquished Creatures
  A hippogriff (D:6)
  Sigmund (D:2)
  An ice beast (D:6)
  A sky beast (D:6)
  A centaur (D:3)
  A bullfrog (D:6)
  A scorpion (D:6)
  5 orc priests
  2 hounds (D:4)
  2 orc wizards
  2 bullfrog skeletons
  A centaur skeleton (D:5)
  Jessica (D:2)
  5 worker ants
  An iguana (D:6)
  A hound skeleton (D:2)
  A worker ant zombie (D:6)
  11 adders
  4 shadow imps
  An ooze (D:4)
  An adder skeleton (D:4)
  2 worms (D:5)
  5 dart slugs
  6 leopard geckos
  27 orcs
  4 giant cockroaches
  7 hobgoblins
  6 jackals
  9 kobolds
  3 quokkas
  A ball python (D:2)
  10 bats
  6 frilled lizards
  5 goblins
  A quokka zombie (D:6)
  9 rats
  A plant (D:1)
147 creatures vanquished.

Vanquished Creatures (others)
  An orc wizard (D:6)
1 creature vanquished.

Grand Total: 148 creatures vanquished

Notes
Turn   | Place    | Note
-------+----------+-------------------------------------------
     0 | D:1      | Qrupt the Halfling Fighter began the quest for the Orb.
     0 | D:1      | Reached XP level 1. HP: 15/15 MP: 1/1
    51 | D:1      | Reached XP level 2. HP: 20/20 MP: 2/2
   604 | D:1      | Reached XP level 3. HP: 24/25 MP: 3/3
  1659 | D:2      | Reached XP level 4. HP: 25/31 MP: 4/4
  1664 | D:2      | Noticed Jessica
  1686 | D:2      | Killed Jessica
  1974 | D:2      | Found a faded altar of an unknown god.
  2038 | D:2      | Reached XP level 5. HP: 31/36 MP: 5/5
  2131 | D:2      | Noticed Sigmund
  2151 | D:2      | Killed Sigmund
  2151 | D:2      | Reached XP level 6. HP: 6/43 MP: 6/6
  2772 | D:2      | Found a basalt altar of Yredelemnul.
  3362 | D:3      | Reached XP level 7. HP: 41/48 MP: 7/7
  3629 | D:3      | Reached skill level 5 in Armour
  3629 | D:3      | Reached skill level 5 in Shields
  4357 | D:3      | Reached skill level 5 in Short Blades
  5057 | D:4      | Found a shattered altar of Ashenzari.
  5061 | D:4      | Found a snail-covered altar of Cheibriados.
  5083 | D:4      | Became a worshipper of Cheibriados the Contemplative
  5219 | D:4      | Found a staircase to the Ecumenical Temple.
  5463 | D:5      | Entered Level 5 of the Dungeon
  5488 | D:5      | Reached XP level 8. HP: 48/54 MP: 8/8
  5533 | D:5      | Found an iron altar of Okawaru.
  6658 | D:6      | Reached * piety under Cheibriados
  7204 | D:6      | Reached skill level 5 in Fighting
  7207 | D:6      | Got a crude war axe
  7208 | D:6      | Identified the cursed +0 war axe of Poecvaoq {speed, rC+
                  | Str+3 Dex-4} (You found it on level 6 of the Dungeon)
  7264 | D:6      | Found Ubilylia's Magic Scroll Emporium.
  7283 | D:6      | Noticed a +0 dagger
  7284 | D:6      | Noticed a +0 dagger
  7288 | D:6      | Found a hide-covered altar of Uskayaw.
  7306 | D:6      | Bought a scroll of remove curse for 30 gold pieces
  7542 | D:6      | Noticed a hippogriff
  7552 | D:6      | Killed a hippogriff
  7732 | D:6      | Reached XP level 9. HP: 36/61 MP: 9/9
  8353 | D:7      | Slain by an orc warrior

Illustrated notes

Levels and vault maps discovered:
D:1:      nzn_arrival_water_spiral, layout_basic, serial_forest,
          infiniplex_forest_join, infiniplex_forest_clump_tiny,
          infiniplex_forest_lined_room_, infiniplex_forest_end_3,
          infiniplex_forest_clump_double, infiniplex_forest_lined_2,
          infiniplex_forest_clump_tiny
D:2:      minmay_inner_zag, layout_loops_cross, marbit_many_paths, serial_glass,
          glass_columns_c, glass_columns_b, feat_on_display,
          chequers_ecumenical_altar_grove, minmay_tromino_v4_a, uniq_sigmund,
          uniq_jessica
D:3:      layout_basic, first_ration
D:4:      layout_cave_pools, lemuel_crystal_altar, kennysheep_mini_moat,
          minmay_temple_entry_statues_pillars
D:5:      layout_basic, okawaru_ov_weapons_minmay, serial_co_window_serial,
          co_window_paths_a, co_window_of_opportunity_a, co_window_paths_a,
          co_window_paths_a, co_window_corner_a, co_window_paths_b,
          co_window_corner_a, co_window_of_opportunity_c, co_window_2corner,
          co_window_broadway_c, co_window_of_opportunity_b, co_window_2corner,
          co_window_sun, minmay_misc_feat_cross, chequers_serial_rivers_micro_d
D:6:      layout_rooms, dancing_weapons_uskayaw, serial_shops, shop
D:7:      layout_cave_pools, serial_shops, shop_statue, grunt_livestock,
          grunt_potential, uniq_crazy_yiuf_cottage

Skill      XL: |  1  2  3  4  5  6  7  8 |
---------------+-------------------------+-----
Fighting       | 3 4 5 |  5.6
Short Blades   | 3 4 5 6 |  6.8
Armour         | 4 5 6 |  6.8
Shields        | 4 5 6 |  6.8

Action                   |  1- 3 |  4- 6 |  7- 9 || total
-------------------------+-------+-------+-------++-------
Melee: Rapier            |   150 |   180 |   454 ||   784
       War axe           |       |       |     1 ||     1
  Use: Potion            |       |     1 |     2 ||     3
       Scroll            |       |       |     9 ||     9
  Eat: Chunk             |     3 |     5 |    10 ||    18
       Ration            |       |       |     1 ||     1
Armor: Scale mail        |    36 |    62 |   125 ||   223
Dodge: Dodged            |    38 |    56 |   158 ||   252
Block: Kite shield       |    60 |   109 |   239 ||   408
